 Dungeon Crawl Stone Soup version 0.23-a0-550-g7de1f8e (webtiles) character file.

15 Lavandula the Sneak (level 2, 0/17 HPs)
             Began as a Halfling Enchanter on Dec 9, 2018.
             Slain by Robin
             ... wielding a cursed -1 short sword
              (3 damage)
             ... on level 2 of the Dungeon.
             The game lasted 00:01:11 (234 turns).

Lavandula the Sneak (Halfling Enchanter)             Turns: 234, Time: 00:01:11

Health: 0/17       AC:  2    Str:  9    XL:     2   Next: 65%
Magic:  2/4        EV: 15    Int: 13    God:
Gold:   35         SH:  0    Dex: 14    Spells: 3/4 levels left

rFire    . . .     SeeInvis .   a - +1 dagger
rCold    . . .     Gourm    .   (shield restricted)
rNeg     . . .     Faith    .   b - +0 robe
rPois    .         Spirit   .   (no helmet)
rElec    .         Reflect  .   (no cloak)
rCorr    .         Harm     .   (no gloves)
MR       .....                  (no boots)
Stlth    ++........             (no amulet)
HPRegen  0.05/turn              (no ring)
MPRegen  0.09/turn              (no ring)

@: no status effects
A: small, mutation resistance 1
a: no special abilities


You were on level 2 of the Dungeon.
You were not hungry.

You visited 1 branch of the dungeon, and saw 2 of its levels.

You collected 35 gold pieces.

Inventory:

Hand Weapons
 a - a +1 dagger (weapon)
Armour
 b - a +0 robe (worn)
Scrolls
 e - a scroll of teleportation {unknown}
Potions
 c - a potion of heal wounds {unknown}
Comestibles
 d - 2 rations


   Skills:
 + Level 3.0 Short Blades
 - Level 2.1 Dodging
 - Level 3.2 Stealth
 - Level 1.5 Spellcasting
 - Level 2.4 Hexes


You had 3 spell levels left.
You knew the following spells:

 Your Spells              Type           Power        Failure   Level  Hunger
a - Corona                Hex            #......      10%         1    ##.....

Your spell library contained the following spells:

 Spells                   Type           Power        Failure   Level  Hunger
 Ensorcelled Hibernation  Hex/Ice        #.....       24%         2    ###....
 Confuse                  Hex            #.......     30%         3    ####...
 Tukima's Dance           Hex            #.......     30%         3    ####...
 Dazzling Spray           Conj/Hex       #.....       43%         3    ####...


Dungeon Overview and Level Annotations

Branches:
Dungeon (2/15)

Altars:

Annotations:
D:2 exclusion: adder, Robin


Innate Abilities, Weirdness & Mutations

You are small and have problems with some larger weapons.
You are somewhat resistant to further mutation.


Message History

Aiming: Corona (safe; 10% risk of failure)
Press: ? - help, Shift-Dir - straight line, f/p - Robin
Aim: Robin, wielding a -1 short sword, wearing a +0 animal skin and wearing a Robin is outlined in light.
Robin completely misses you.
You completely miss Robin. Robin misses you.
You hit Robin but do no damage.
Robin hits you with a cursed -1 short sword!
You closely miss Robin. You hit Robin but do no damage.
Robin closely misses you.
You barely miss Robin. Robin hits you but does no damage.
You hit Robin but do no damage.
Robin hits you with a cursed -1 short sword.
* * * LOW HITPOINT WARNING * * *
You hit Robin but do no damage.
The hobgoblin no longer looks unusually strong.
Robin hits you with a cursed -1 short sword.
* * * LOW HITPOINT WARNING * * *
You barely miss Robin.
Robin hits you with a cursed -1 short sword.
You die...

.# #)#...g.##### .#
#.##.##.#...# .#
#†g..##g#.#g####
.####.†..##.#.#)...#
.......#.##...####.#
.#######.#########.# .#
#...........#.g.# .#
#...........#g###
.###...........#@####
...............#....#
.###...........####.###
.##............# #...#
.##.############ ###.#
....# #...# ##### #.###
#####<# #.....#


You could see Robin and a hobgoblin.

Vanquished Creatures
  An ooze (D:2)
  A bat (D:1)
  3 goblins (D:2)
  A hobgoblin (D:1)
  2 jackals (D:2)
  A kobold (D:1)
9 creatures vanquished.

Notes
Turn   | Place    | Note
-------+----------+-------------------------------------------
     0 | D:1      | Lavandula the Halfling Enchanter began the quest for the
                  | Orb.
     0 | D:1      | Reached XP level 1. HP: 11/11 MP: 3/3
   106 | D:2      | Reached XP level 2. HP: 17/17 MP: 4/4
   189 | D:2      | Noticed Robin
   234 | D:2      | Slain by Robin

Vault maps used:
D:1:      dpeg_arrival_tiny_a
D:2:      uniq_robin

Skill      XL: |  1  2 |
---------------+-------+-----
Short Blades   | 2 3 |  3.0
Dodging        | |  2.1
Stealth        | |  3.2
Spellcasting   | |  1.5
Hexes          | |  2.4

Action                   || total
-------------------------++-------
Melee: Dagger            ||    38
 Cast: Corona            ||     2
 Stab: Sleeping          ||     3
Armor: Robe              ||     6
Dodge: Dodged            ||    34

Table legend:
 A = Non-vault XP
 B = Vault XP
 C = Vault XP percentage of total XP
 D = Non-vault monster count
 E = Vault monster count
 F = Vault count percentage of total count
                 A         B        C        D         E       F
            +---------+---------+-------+---------+---------+-------
      Total |      16 |       6 |  27.3 |       6 |       3 |  33.3
            +---------+---------+-------+---------+---------+-------
        D:1 |       5 |       0 |   0.0 |       3 |       0 |   0.0
        D:2 |      11 |       6 |  35.3 |       3 |       3 |  50.0
            +---------+---------+-------+---------+---------+-------
